 Dungeon Crawl Stone Soup version 0.29.1-2-gbd0b4ee654 (webtiles) character file.

Game seed: 11133369126740097580

5 hawla the Chiller (level 2, -4/20 HPs)
             Began as a Meteoran Ice Elementalist on Nov 30, 2022.
             Slain by a worm (10 damage)
             ... on level 2 of the Dungeon.
             The game lasted 00:01:22 (48 turns).

hawla the Chiller (Meteoran Ice Elementalist)         Turns: 48, Time: 00:01:22

Health: -4/20      AC:  2    Str:  9    XL:     2   Next: 5%
Magic:  3/6        EV: 12    Int: 16    God:
Gold:   11         SH:  0    Dex: 14    Spells: 5/6 levels left

rFire   . . .      SeeInvis .   (no weapon)
rCold   . . .      Faith    .   (no shield)
rNeg    . . .      Spirit   .   a - +0 robe
rPois   .          Reflect  .   (no helmet)
rElec   .          Harm     .   (no cloak)
rCorr   .          Rampage  .   (no gloves)
Will    .....                   (no boots)
Stlth   +.........              (no amulet)
HPRegen 0.06/turn               (no ring)
MPRegen 0.10/turn               (no ring)

@: glowing
A: sense surroundings 1, otherworldly, glowing, explore regen
a: no special abilities


You were on level 2 of the Dungeon.
You visited 1 branch of the dungeon, and saw 2 of its levels.

You collected 11 gold pieces.

Inventory:

Armour
 a - a +0 robe (worn)
Potions
 b - a potion of magic


   Skills:
 + Level 2.5 Dodging
 - Level 1.4 Stealth
 + Level 2.8 Spellcasting
 + Level 4.6 Ice Magic


You had 5 spell levels left.
You knew the following spells:

 Your Spells              Type           Power      Damage    Failure   Level
a - Freeze                Ice            68%        1d8       2%          1

Your spell library contained the following spells:

 Spells                   Type           Power      Damage    Failure   Level
 Frozen Ramparts          Ice            34%        1d6       9%          3
 Ozocubu's Armour         Ice            17%        N/A       9%          3
 Hailstorm                Conj/Ice       9%         3d4       58%         4


Dungeon Overview and Level Annotations

Branches:
Dungeon (1/15) Zot: 1151

Altars:

Annotations:
D:2 Terence


Innate Abilities, Weirdness & Mutations

You passively map a small area around you.
You are easily found by Zot.
You glow in the dark.
You regain HP and MP as you explore.


Message History

Aim: an endoplasm You freeze the endoplasm.
The endoplasm is moderately wounded.
The endoplasm closely misses you.
Casting: Freeze (safe; 3% risk of failure)
Confirm with . or Enter, or press ? or * to list all spells.
Aiming: Freeze (safe; 3% risk of failure)
Press: ? - help, Shift-Dir - straight line, f/p - endoplasm
Aim: an endoplasm (moderately wounded)
You freeze the endoplasm.
You kill the endoplasm!
An endoplasm comes into view.
Found a scroll labelled GOALYN QENKEEWK and a pitted tower shield.
The endoplasm quivers.
A worm comes into view.
Terence the Incautious comes into view.
He is wielding a +0 mace.
Found 12 gold pieces.
The endoplasm hits you.
Casting: Freeze (safe; 3% risk of failure)
Confirm with . or Enter, or press ? or * to list all spells.
Aiming: Freeze (safe; 3% risk of failure)
Press: ? - help, Shift-Dir - straight line, f - endoplasm
Aim: an endoplasm You freeze the endoplasm.
The endoplasm is severely wounded.
The endoplasm barely misses you.
Casting: Freeze (safe; 3% risk of failure)
Confirm with . or Enter, or press ? or * to list all spells.
Aiming: Freeze (safe; 3% risk of failure)
Press: ? - help, Shift-Dir - straight line, f/p - endoplasm
Aim: an endoplasm (severely wounded)
You freeze the endoplasm!
You kill the endoplasm!
You have reached level 2!
The worm bites you!
Ouch! That really hurt!
* * * LOW HITPOINT WARNING * * *
The worm closely misses you. The worm bites you!
Ouch! That really hurt!
You die...

#........# *
#.#.....?#### * #. ,
##.#...............###.
.......@.w.w# #..... .
*######..##$# ##.... .
#..##, ##...##
#..##.##..(..#### *
########w.##............
* ,
.......@..#####.....###.
,
#########...............
#########.###### #.#
#.###### #.......
########


You could see Terence and 2 worms.

Vanquished Creatures
  A bat (D:2)
  2 endoplasms (D:2)
  A ball python (D:2)
  A frilled lizard (D:2)
5 creatures vanquished.

Notes
Turn   | Place    | Note
-------+----------+-------------------------------------------
     0 | D:1      | hawla the Meteoran Ice Elementalist began the quest for the
                  | Orb.
     0 | D:1      | Reached XP level 1. HP: 14/14 MP: 5/5
     3 | D:1      | You fall into a shaft and drop 1 floor!
    12 | D:2      | Found a faded altar of an unknown god.
    40 | D:2      | Noticed Terence
    43 | D:2      | Reached XP level 2. HP: 16/20 MP: 3/6
    48 | D:2      | Slain by a worm

Illustrated notes

Levels and vault maps discovered:
D:1:      minmay_arrival_shoal_huts, layout_basic, patterned_corridor
D:2:      layout_loops_ring, dreamdust_ecumenical_altar_grove, basic_altar,
          uniq_crazy_yiuf_cottage, uniq_terence, uniq_jessica

Action                   || total
-------------------------++-------
 Cast: Freeze            ||    10
Armor: Robe              ||     4
Dodge: Dodged            ||     4
